 Dungeon Crawl Stone Soup version 0.27-a0-1137-g3ef0f4ec91 (webtiles) character file.

Game seed: 5791149895208695064

816 kae the Carver (level 7, 0/52 HPs)
             Began as a Demonspawn Abyssal Knight on May 6, 2021.
             Was a Believer of Lugonu.
             Slain by a water moccasin skeleton (4 damage)
             ... on level 5 of the Dungeon.
             The game lasted 00:04:49 (8574 turns).

kae the Carver (Demonspawn Abyssal Knight)          Turns: 8574, Time: 00:04:49

Health: 0/52       AC: 12    Str: 14    XL:     7   Next: 62%
Magic:  8/8        EV:  4    Int: 14    God:    Lugonu [**....]
Gold:   192        SH:  0    Dex: 12    Spells: 6/6 levels left

rFire    . . .     SeeInvis .   a - +2 falchion
rCold    . . .     Faith    .   (no shield)
rNeg     . . .     Spirit   .   j - +2 plate armour
rPois    .         Reflect  .   (helmet restricted)
rElec    .         Harm     .   (no cloak)
rCorr    .         Rampage  .   (no gloves)
Will     .....                  (no boots)
Stlth    ..........             (no amulet)
HPRegen  0.17/turn              (no ring)
MPRegen  0.22/turn              (no ring)

@: no status effects
A: antennae 1, ignite blood 1, magic regeneration
a: Renounce Religion, Depart the Abyss, Bend Space


You were on level 5 of the Dungeon.
You worshipped Lugonu.
Lugonu was pleased with you.
You visited 1 branch of the dungeon, and saw 5 of its levels.
You visited the Abyss 1 time.

You collected 192 gold pieces.

Inventory:

Hand Weapons
 a - a +2 falchion (weapon)
Missiles
 l - a throwing net
Armour
 b - a +0 leather armour
 j - a +2 plate armour (worn)
Wands
 d - a wand of polymorph (4)
 g - a wand of paralysis (11)
Scrolls
 i - 2 scrolls of magic mapping
 m - a scroll of summoning
Potions
 f - a potion of flight
 h - 2 potions of degeneration
 k - a potion of resistance


   Skills:
 - Level 3.0 Fighting
 + Level 8.1 Long Blades
 - Level 1.7 Armour
 - Level 0.8 Dodging
 - Level 2.4 Invocations


You had 6 spell levels left.
You didn't know any spells.
Your spell library contained the following spells:

 Spells                   Type           Power      Damage    Failure   Level
 Magic Dart               Conj           0%         1d3       100%        1
 Blink                    Tloc           N/A        N/A       100%        2
 Call Imp                 Summ           0%         N/A       100%        2
 Slow                     Hex            0%         N/A       100%        2
 Conjure Flame            Conj/Fire      0%         6-21      100%        3
 Mephitic Cloud           Conj/Pois/Air  0%         N/A       100%        3


Dungeon Overview and Level Annotations

Branches:
Dungeon (5/15)
 Temple: D:4-7

Altars:

Shops:
D:4 :

Annotations:
D:3 1 runed translucent door, semitonal's ghost, amateur DsNe
D:4 1 runed translucent door, Crazy Yiuf; Ijyb


Innate Abilities, Weirdness & Mutations

You have a pair of small antennae on your head.
Your demonic aura sometimes causes spilled blood to erupt in flames.
You regenerate magic rapidly.


Message History

The crimson imp disappears in a puff of smoke!
The quasit disappears in a puff of smoke!
The rat disappears in a puff of smoke!
The white imp disappears in a puff of smoke!
Your Long Blades skill increases to level 8!
The water moccasin skeleton bites you but does no damage.
Things that are here:
a +1 falchion of holy wrath; a +1 leather armour of positive energy; the human corpse of Eustachio You hit the water moccasin skeleton.
The water moccasin skeleton is lightly damaged.
The water moccasin skeleton bites you.
* * * LOW HITPOINT WARNING * * *
You barely miss the water moccasin skeleton.
The water moccasin skeleton is lightly damaged.
The water moccasin skeleton bites you but does no damage.
You hit the water moccasin skeleton but do no damage.
The water moccasin skeleton is lightly damaged.
The water moccasin skeleton bites you but does no damage.
Your plate armour prevents you from hitting the water moccasin skeleton.
The water moccasin skeleton is lightly damaged.
The water moccasin skeleton bites you.
* * * LOW HITPOINT WARNING * * *
Your plate armour prevents you from hitting the water moccasin skeleton.
The water moccasin skeleton is lightly damaged.
The water moccasin skeleton bites you but does no damage.
You hit the water moccasin skeleton.
The water moccasin skeleton is moderately damaged.
The water moccasin skeleton bites you.
* * * LOW HITPOINT WARNING * * *
You slash the water moccasin skeleton!
The water moccasin skeleton is heavily damaged.
The water moccasin skeleton completely misses you.
You completely miss the water moccasin skeleton.
The water moccasin skeleton is heavily damaged.
The water moccasin skeleton bites you.
* * * LOW HITPOINT WARNING * * *
You hit the water moccasin skeleton.
The water moccasin skeleton is heavily damaged.
The water moccasin skeleton bites you.
You die...

#...# .##
#...#...###
#.....#...#
#.<##...#.#
#.........# #
#.######..# .# #
#†#....#..# #.#.#(.
#.#....#..##.......
###.#....#..@Z....#
#...#....#..##..###
#.#.#....#..# ..#
#.#.##'###).# ..#
#.#........## $.#
#.######.### .##
..(........# .#
########...# .#
###.#


You could see a water moccasin skeleton.

Vanquished Creatures
  Eustachio (D:5)
  A necrophage (D:5)
  2 scorpions
  An orc priest (D:3)
  A gnoll shaman (D:3)
  An iguana (D:4)
  An orc wizard (D:3)
  Natasha (thrice) (D:3)
  2 scorpion zombies (D:5)
  4 adders
  11 gnolls
  2 worms
  3 dart slugs
  3 orcs (D:3)
  9 bats
  5 endoplasms
  A giant cockroach (D:1)
  6 goblins
  10 hobgoblins
  5 jackals
  8 kobolds
  4 quokkas
  9 ball pythons
  3 frilled lizards
  A quokka skeleton (D:4)
  5 rats
102 creatures vanquished.

Vanquished Creatures (others)
  2 withered plants (D:3)
2 creatures vanquished.

Grand Total: 104 creatures vanquished

Notes
Turn   | Place    | Note
-------+----------+-------------------------------------------
     0 | Abyss:1  | kae the Demonspawn Abyssal Knight began the quest for the
                  | Orb.
     0 | Abyss:1  | Reached XP level 1. HP: 18/18 MP: 2/2
    48 | Abyss:1  | Noticed a small abomination
    77 | Abyss:1  | Noticed a starcursed mass
    96 | D:1      | Escaped the Abyss
   219 | D:1      | Reached skill level 2 in Long Blades
   315 | D:1      | Gained mutation: Your demonic aura sometimes causes spilled
                  | blood to erupt in flames. [demonic ancestry]
   315 | D:1      | Reached XP level 2. HP: 9/24 MP: 3/3
   524 | D:1      | You fall into a shaft and drop 1 floor!
   538 | D:1      | Reached * piety under Lugonu
   826 | D:1      | Reached skill level 3 in Long Blades
  1268 | D:1      | Reached XP level 3. HP: 22/29 MP: 4/4
  2614 | D:2      | Reached XP level 4. HP: 35/35 MP: 5/5
  2622 | D:2      | Reached skill level 4 in Long Blades
  3998 | D:3      | Noticed Natasha
  4590 | D:3      | Reached ** piety under Lugonu
  4591 | D:3      | Reached skill level 5 in Long Blades
  4591 | D:3      | Gained mutation: You regenerate magic rapidly. [demonic
                  | ancestry]
  4591 | D:3      | Reached XP level 5. HP: 39/41 MP: 6/6
  5124 | D:3      | Found a runed translucent door.
  5125 | D:3      | Noticed semitonal's ghost (amateur DsNe)
  5561 | D:3      | Killed Natasha
  5562 | D:3      | Gained mutation: You have a pair of small antennae on your
                  | head. [demonic ancestry]
  5562 | D:3      | Reached XP level 6. HP: 27/47 MP: 7/7
  5601 | D:3      | Noticed Natasha
  5606 | D:3      | Killed Natasha
  5607 | D:3      | Reached skill level 6 in Long Blades
  6044 | D:3      | Found a faded altar of an unknown god.
  6342 | D:4      | Found Feuhaaptyo's Book Shop.
  6342 | D:4      | Noticed Ijyb
  6591 | D:3      | Noticed Natasha
  6814 | D:3      | Killed Natasha
  6899 | D:4      | Noticed Ijyb
  6899 | D:4      | Ijyb changed into Ijyb the tengu
  7903 | D:4      | Found a runed translucent door.
  7904 | D:4      | Noticed Crazy Yiuf
  8264 | D:5      | Entered Level 5 of the Dungeon
  8277 | D:5      | Reached skill level 7 in Long Blades
  8277 | D:5      | Reached XP level 7. HP: 50/52 MP: 8/8
  8529 | D:5      | Noticed Eustachio
  8564 | D:5      | Killed Eustachio
  8565 | D:5      | Reached skill level 8 in Long Blades
  8574 | D:5      | Slain by a water moccasin skeleton

Illustrated notes

Levels and vault maps discovered:
D:1:      amcnicky_arrival_single_pillar, layout_basic
D:2:      layout_rooms
D:3:      cheibrodos_helix_gallery, layout_basic, gammafunk_ghost_grave,
          shapermc_ecumenical_altar_starsandcircs, grunt_ministairs_2,
          uniq_natasha
D:4:      layout_basic, serial_shops, shop, uniq_ijyb, uniq_crazy_yiuf_cottage
D:5:      layout_loops_ring, nrook_mini_vaults, st_stairs_5, uniq_grinder,
          uniq_prince_ribbit1, uniq_eustachio

Skill      XL: |  1  2  3  4  5  6  7 |
---------------+----------------------+-----
Long Blades    | 2 3 5 7 8 |  8.1
Fighting       | |  3.0
Armour         | |  1.7
Dodging        | |  0.8
Invocations    | |  2.4

Action                   |  1- 3 |  4- 6 |  7- 9 || total
-------------------------+-------+-------+-------++-------
Melee: Falchion          |    90 |   303 |    91 ||   484
       Unarmed           |       |    10 |       ||    10
Invok: Depart the Abyss  |     1 |       |       ||     1
Evoke: Wand              |       |     2 |       ||     2
  Use: Scroll            |       |    13 |       ||    13
       Potion            |       |     4 |     2 ||     6
Armor: Leather armour    |    50 |    17 |       ||    67
       Plate armour      |       |   163 |   115 ||   278
Dodge: Dodged            |    90 |   108 |    25 ||   223
       Rpst.: Falchion   |    26 |    27 |     6 ||    59

Table legend: (Time is in decaauts)
 A = Elapsed time spent in this place.
 B = Non-inter-level travel time spent in this place.
 C = Inter-level travel time spent in this place.
 D = Time resting spent in this place.
 E = Time spent auto-exploring this place.
 F = Levels seen in this place.
 G = Mean time per level.
                   A        B        C        D        E       F      G
               +--------+--------+--------+--------+--------+-----+--------+
         Total |   8605 |   8372 |    233 |   3267 |   3989 |   6 | 1434.2 |
       Dungeon |   8509 |   8276 |    233 |   3263 |   3920 |   5 | 1701.8 |
         Abyss |     96 |     96 |      0 |      4 |     69 |   1 |   96.0 |
               +--------+--------+--------+--------+--------+-----+--------+

Top non-repeatable levels by time:
     D:1: 2885 daAuts
     D:3: 2632 daAuts
     D:2: 1805 daAuts
     D:4: 883 daAuts
     D:5: 302 daAuts
 Abyss:1: 96 daAuts
